 Dungeon Crawl Stone Soup version 0.29.1-15-g9cfb28693d (webtiles) character file.

Game seed: 5557321384329535914

2303 H0rd4k the Martial Artist (level 9, 0/62 HPs)
             Began as an Octopode Artificer on Mar 6, 2023.
             Was an Initiate of Gozag.
             Slain by a sky beast (5 damage)
             ... on level 7 of the Dungeon.
             The game lasted 00:07:49 (9715 turns).

H0rd4k the Martial Artist (Octopode Artificer)      Turns: 9715, Time: 00:07:50

Health: 0/62       AC:  1    Str: 12    XL:     9   Next: 40%
Magic:  16/16      EV: 14    Int: 13    God:    Gozag
Gold:   1089       SH:  5    Dex: 18    Spells: 17/17 levels left

rFire   + . .      SeeInvis .     - Unarmed
rCold   x . .      Faith    .   (no shield)
rNeg    + + +      Spirit   .   (helmet restricted)
rPois   .          Reflect  +   B - amulet of reflection
rElec   .          Harm     .   t - ring "Xotuth" {rF+ rC- rN+++ Int-4 Dex+6}
rCorr   .          Rampage  .   (no ring)
Will    .....                   (no ring)
Stlth   +++.......              (no ring)
HPRegen 0.20/turn               (no ring)
MPRegen 0.15/turn               (no ring)
                                (no ring)
                                (no ring)

@: no status effects
A: almost no armour, amphibious, 8 rings, camouflage 1, gelatinous body 1,
(nimble swimmer 1), tentacles
a: Renounce Religion, Potion Petition, Call Merchant, Bribe Branch


You were on level 7 of the Dungeon.
You worshipped Gozag.
Gozag was most pleased with you.
You visited 2 branches of the dungeon, and saw 8 of its levels.
You also visited: Sewer.

You collected 1146 gold pieces.
You paid 57 gold pieces to Gozag.

Inventory:

Missiles
 g - a throwing net
 o - 3 curare-tipped darts
 A - 3 poisoned darts
Magical Staves
 y - a staff of fire
Jewellery
 t - the ring "Xotuth" (left tentacle) {rF+ rC- rN+++ Int-4 Dex+6}
   (You took it off a kobold on level 4 of the Dungeon)

   [ring of protection from fire]

   Int:       It affects your intelligence (-4).
   Dex:       It affects your dexterity (+6).
   rF:        It protects you from fire.
   rC:        It makes you vulnerable to cold.
   rN:        It renders you almost immune to negative energy.
 B - an amulet of reflection (around mantle)
Wands
 c - a wand of charming (1)
Scrolls
 b - a scroll of enchant armour {unknown}
 d - a scroll of acquirement {unknown}
 f - 10 scrolls of identify {unknown}
 h - 4 scrolls of teleportation {unknown}
 j - 3 scrolls of enchant weapon {unknown}
 k - 4 scrolls of amnesia {unknown}
 q - a scroll of vulnerability {unknown}
 r - a scroll of immolation {unknown}
 s - a scroll of blinking {unknown}
 v - 2 scrolls of fear {unknown}
 C - 2 scrolls of magic mapping {unknown}
 D - a scroll of fog {unknown}
 F - a scroll of summoning {unknown}
Potions
 a - 2 potions of curing {unknown}
 e - 2 potions of brilliance {unknown}
 i - a potion of might {unknown}
 l - 2 potions of lignification {unknown}
 m - 5 potions of heal wounds {unknown}
 n - 2 potions of attraction {unknown}
 p - 6 potions of mutation {unknown}
 u - 3 potions of invisibility {unknown}
 w - 2 potions of haste {unknown}
 x - 2 potions of cancellation {unknown}
 z - a potion of magic {unknown}
 E - a potion of flight {unknown}


   Skills:
 * Level 6.1 Fighting
 - Level 2.3 Dodging
 - Level 1.3 Stealth
 + Level 0.3 Shields
 + Level 9.0 Unarmed Combat
 * Level 4.8 Spellcasting
 - Level 3.2 Evocations


You had 17 spell levels left.
You didn't know any spells.
Your spell library contained the following spells:

 Spells                   Type           Power      Damage    Failure   Level
 Apportation              Tloc           6%         N/A       19%         1
 Freeze                   Ice            12%        1d4       19%         1
 Magic Dart               Conj           12%        1d3       19%         1
 Searing Ray              Conj           6%         2d4       28%         2
 Sublimation of Blood     Necr           3%         N/A       28%         2
 Frozen Ramparts          Ice            6%         1d1       50%         3
 Fulminant Prism          Conj/Hex       1%         3d6       88%         4
 Hailstorm                Conj/Ice       3%         3d3       88%         4
 Petrify                  Tmut/Erth      3%         N/A       88%         4
 Alistair's Intoxication  Tmut/Pois      2%         N/A       99%         5
 Irradiate                Conj/Tmut      1%         3d12      99%         5


Dungeon Overview and Level Annotations

Branches:
Dungeon (7/15)             Temple (1/1) D:4           Sewer (visited)

Altars:
Cheibriados
Dithmenos
Elyvilon
Fedhas
Gozag
Hepliaklqana
Kikubaaqudgha
Makhleb
Okawaru
Qazlal
Ru
Trog
Vehumet
Wu Jian
Xom
The Shining One

Shops:
D:4 *

Annotations:
D:3 2 runed translucent doors, exclusion: door, Crazy Yiuf; dvd2's ghost, amateur VSGl
D:4 3 runed translucent doors, exclusion: 3 doors, P0WERM0DE's ghost, amateur OgGl; vampirul's ghost, amateur GrIE
D:6 exclusion: sky beast
D:7 exclusions: ice beast and upstairs


Innate Abilities, Weirdness & Mutations

You cannot wear most types of armour.
You are amphibious.
You can wear up to eight rings at the same time.
Your skin changes colour to match your surroundings (Stealth+).
Your rubbery body absorbs attacks. (AC +1, EV +1)
((You are camouflaged when in or above water. (Stealth+)))
You have tentacles for arms and can constrict up to eight enemies at once.


Message History

A sky beast is nearby!
A sky beast is nearby!
The sky beast hits you. The sky beast shocks you.
You tentacle-slap the sky beast. Your squeeze misses the sky beast.
The sky beast is lightly wounded.
You block the sky beast's attack.
You tentacle-slap the sky beast.
The sky beast is moderately wounded.
The sky beast hits you. The sky beast shocks you.
You tentacle-slap the sky beast.
The sky beast is moderately wounded.
The sky beast flickers out of sight!
Deactivating autopickup; reactivate with Ctrl-A.
Something hits you. Something shocks you.
You miss something. Something hits you. Something shocks you.
You tentacle-slap something. You closely miss something. Something hits you.
Something shocks you.
* * * LOW HITPOINT WARNING * * *
Aiming: Charm
Press: ? - help, Shift-Dir - straight line Nothing appears to happen.
Something hits you.
* * * LOW HITPOINT WARNING * * *
Something shocks you.
* * * LOW HITPOINT WARNING * * *
Unknown command.
Aiming: Charm
Press: ? - help, Shift-Dir - straight line Nothing appears to happen.
A sky beast appears from thin air!
Reactivating autopickup.
The sky beast hits you but does no damage.
Unknown command.
Aiming: Charm
Press: ? - help, Shift-Dir - straight line, f - sky beast
Aim: a sky beast (rain, heavily wounded, chance to affect: 57%)
The sky beast resists with significant effort.
The sky beast hits you.
* * * LOW HITPOINT WARNING * * *
The sky beast shocks you.
You die...
Your body crumbles into a pile of gold.

..........Y###.#####..
#.............#...#..
#..........###.....#.
#............##...###
#####....<.......#.###.#.
................#...#...#
..............).#...#...#
...###Y###.....#...#...#
#.ยง@##.....##.###.#.
#.#.##......##...###
#.#.##......#.....#[
#.#.###......#...#..
##.#.####.....#####..
##..#..####..#.#...#..
##..###..####..#.....#.
##....#....###.###...###
#...........# #.###.#.


You could see a sky beast.

Vanquished Creatures
  Grinder (D:3)
  A steam dragon (D:7)
  Duvessa (D:4)
  2 black bears
  3 ogres
  2 phantoms
  3 kobold brigands (Sewer)
  2 bullfrogs (D:7)
  2 scorpions
  2 necrophages (D:5)
  A howler monkey (D:4)
  A jelly (D:5)
  5 hounds
  Jessica (D:3)
  2 iguanas
  3 orc wizards (D:5)
  11 adders
  A gnoll (D:5)
  5 river rats (Sewer)
  3 white imps
  3 ufetubi
  A worm (D:2)
  3 dart slugs
  15 orcs
  10 ball pythons
  8 bats
  7 endoplasms
  6 giant cockroaches
  4 goblins
  7 hobgoblins
  A jackal (D:5)
  4 quokkas
  5 frilled lizards
  20 kobolds
  20 rats
166 creatures vanquished.

Vanquished Creatures (collateral kills)
  Dowan (D:4)
  A gnoll bouda (D:5)
  A gnoll (D:5)
  2 orcs (D:3)
  A kobold (D:4)
6 creatures vanquished.

Vanquished Creatures (others)
  A water moccasin (D:4)
  A gnoll (D:5)
  2 fungi (D:3)
  6 withered plants (D:4)
10 creatures vanquished.

Grand Total: 182 creatures vanquished

Notes
Turn   | Place    | Note
-------+----------+-------------------------------------------
     0 | D:1      | H0rd4k the Octopode Artificer began the quest for the Orb.
     0 | D:1      | Reached XP level 1. HP: 13/13 MP: 1/1
   399 | D:1      | Reached XP level 2. HP: 18/18 MP: 3/3
   550 | D:1      | Reached skill level 1 in Spellcasting
  1247 | D:2      | Reached XP level 3. HP: 24/24 MP: 4/4
  1327 | D:2      | Found a faded altar of an unknown god.
  1515 | D:2      | Identified the +2 cloak of Uziloics {rF- Dex+4 SInv}
  1541 | D:2      | Reached skill level 1 in Unarmed Combat
  2552 | D:3      | Reached XP level 4. HP: 28/29 MP: 6/6
  2964 | D:3      | Reached skill level 2 in Unarmed Combat
  3100 | D:3      | Found a blossoming altar of Fedhas.
  3110 | D:3      | Found a runed translucent door.
  3111 | D:3      | Noticed dvd2's ghost (amateur VSGl)
  3169 | D:3      | Noticed Grinder
  3177 | D:3      | Killed Grinder
  3178 | D:3      | Reached skill level 3 in Unarmed Combat
  3178 | D:3      | Reached XP level 5. HP: 36/36 MP: 6/8
  3178 | D:3      | Reached XP level 6. HP: 42/42 MP: 6/9
  3223 | D:3      | Found an ornate altar of the Wu Jian Council.
  3234 | D:3      | Reached skill level 4 in Unarmed Combat
  3513 | D:3      | Noticed Jessica
  3519 | D:3      | Killed Jessica
  3559 | D:3      | Found a shimmering altar of Xom.
  3690 | D:3      | Found a runed translucent door.
  3691 | D:3      | Noticed Crazy Yiuf
  3756 | D:4      | Found a staircase to the Ecumenical Temple.
  3771 | Temple   | Entered the Ecumenical Temple
  3819 | Temple   | Became a worshipper of Gozag Ym Sagoz the Greedy
  3997 | D:4      | Found Faoz Kul's General Store.
  4048 | D:4      | Reached XP level 7. HP: 46/46 MP: 11/11
  4079 | D:4      | Identified the ring "Xotuth" {rF+ rC- rN+++ Int-4 Dex+6}
  4094 | D:4      | Noticed Dowan
  4095 | D:4      | Noticed Duvessa
  4113 | D:4      | Killed Dowan
  4114 | D:4      | Reached skill level 5 in Unarmed Combat
  4115 | D:4      | Your ally Duvessa died
  4312 | D:4      | Found a runed translucent gate.
  4313 | D:4      | Found a runed translucent gate.
  4314 | D:4      | Found a runed translucent gate.
  4319 | D:4      | Noticed P0WERM0DE's ghost (amateur OgGl)
  4319 | D:4      | Noticed vampirul's ghost (amateur GrIE)
  4827 | D:4      | Noticed a shadow
  4828 | D:4      | Found a shadowy altar of Dithmenos.
  4829 | D:4      | Found a hazy altar of Hepliaklqana.
  5015 | D:5      | Entered Level 5 of the Dungeon
  5053 | D:5      | Found a glowing drain.
  5066 | Sewer    | Entered a sewer
  5212 | Sewer    | Reached skill level 6 in Unarmed Combat
  5944 | Sewer    | Reached XP level 8. HP: 42/54 MP: 13/13
  7075 | D:5      | Reached skill level 7 in Unarmed Combat
  7158 | D:5      | Found a radiant altar of Vehumet.
  7323 | D:5      | Reached skill level 5 in Fighting
  7965 | D:5      | Reached skill level 8 in Unarmed Combat
  7970 | D:5      | Reached XP level 9. HP: 22/61 MP: 15/15
  8216 | D:5      | Found a stormy altar of Qazlal.
  9651 | D:7      | Reached skill level 9 in Unarmed Combat
  9692 | D:7      | Found a glowing golden altar of the Shining One.
  9715 | D:7      | Slain by a sky beast

Illustrated notes

Levels and vault maps discovered:
D:1:      saegor_arrival_miasma, layout_basic
D:2:      layout_basic, basic_ecumenical_altar, minivault_26,
          amcnicky_mini_corridor_feature
D:3:      layout_basic, tgw_xom, nicolae_wu_jian_wuxing_cycle, fedhas_altar_1,
          gammafunk_ghost_grave, uniq_crazy_yiuf_cottage, uniq_jessica,
          uniq_grinder
D:4:      layout_basic, riverfiend_overflow_shadow_ancestor,
          minmay_temple_entry_stoned_glass, gammafunk_ghost_cemetery,
          serial_shops, kennysheep_mini, uniq_duvessa
D:5:      layout_loops_ring, lemuel_crystal_altar,
          nicolae_qazlal_eye_of_the_storm, portal_sewer_entry_d,
          kennysheep_generic_room_15
D:6:      layout_loops_ring
D:7:      nicolae_cairo_tiling, layout_cave_pools,
          nicolae_tso_swordbearing_angel, lemuel_tele_altar, zin_purify,
          kennysheep_generic_room_8
Temple:   hellmonk_temple_of_storms

Skill      XL: |  1  2  3  4  5  6  7  8  9 |
---------------+----------------------------+-----
Spellcasting   | 1 2 3 4 |  4.8
Fighting       | 2 3 4 5 6 |  6.1
Unarmed Combat | 1 3 4 6 8 9 |  9.0
Dodging        | |  2.3
Stealth        | |  1.3
Shields        | |  0.3
Evocations     | |  3.2

Action                   |  1- 3 |  4- 6 |  7- 9 || total
-------------------------+-------+-------+-------++-------
Melee: Unarmed           |   100 |    66 |   287 ||   453
       Constrict         |    27 |    17 |    58 ||   102
       Tentacles         |    23 |    20 |    70 ||   113
       Punch             |     7 |     9 |    15 ||    31
Evoke: Wand              |       |    13 |    21 ||    34
 Stab: Sleeping          |    12 |     4 |    11 ||    27
       Distracted        |       |     1 |     1 ||     2
Armor: Skin              |    14 |       |    14 ||    28
Dodge: Dodged            |    61 |    34 |   157 ||   252
Block: Other             |       |       |     6 ||     6
